 Dungeon Crawl Stone Soup version 0.23.2-40-g277498a001 (webtiles) character file.

Game seed: 7307015923257755927

9938 sankara the Covert (level 11, 0/70 (72) HPs)
             Began as a Kobold Berserker on Jan 11, 2020.
             Was a High Priest of Trog.
             Slain by an eight-headed hydra (14 damage)
             ... on level 1 of the Lair of Beasts.
             The game lasted 00:38:44 (10436 turns).

sankara the Covert (Kobold Berserker)              Turns: 10436, Time: 00:38:45

HP:   0/70 (72)     AC:  4    Str: 17    XL:     11   Next: 83%
MP:   11/11         EV: 24    Int: 11    God:    Trog [*****.]
Gold: 450           SH:  0    Dex: 16    Spells: 10/10 levels left

rFire    + . .     SeeInvis .   a - +2 dagger (elec)
rCold    + . .     Gourm    .   (shield restricted)
rNeg     . . .     Faith    .   o - +0 robe {rC+ rF+}
rPois    .         Spirit   .   K - +0 helmet
rElec    .         Reflect  .   w - +0 cloak
rCorr    .         Harm     .   (no gloves)
MR       .....                  (no boots)
Stlth    ++++++....             (no amulet)
HPRegen  0.21/turn              J - ring of stealth {Stlth+}
MPRegen  0.12/turn              p - +3 ring of intelligence

@: no status effects
A: small, carnivore
a: Berserk, Trog's Hand, Brothers in Arms, Renounce Religion


You were on level 1 of the Lair of Beasts.
You worshipped Trog.
Trog was extremely pleased with you.
You were completely stuffed.

You visited 3 branches of the dungeon, and saw 10 of its levels.
You also visited: Ossuary.

You collected 450 gold pieces.

Inventory:

Hand Weapons
 a - a +2 dagger of electrocution (weapon)
   (You found it on level 7 of the Dungeon)
 b - a +2 antimagic rapier
   (Trog gifted it to you on level 8 of the Dungeon)
 B - a +0 rapier of venom
   (You took it off Duvessa on level 5 of the Dungeon)
 S - the +11 demon trident "Uson" {freeze, rN+ Str+3 Dex+3, unknown}
   (You found it on level 8 of the Dungeon)

   It has been specially enchanted to freeze those struck by it, causing extra
   injury to most foes and up to half again as much damage against particularly
   susceptible opponents.
   It can also slow down cold-blooded creatures.
   It affects your strength (+3).
   It affects your dexterity (+3).
   It protects you from negative energy.
Missiles
 u - 40 poisoned needles
 P - a throwing net {=f, !d}
Armour
 o - a +0 robe of resistance (worn)
   (You took it off Pikel on level 4 of the Dungeon)
 w - a +0 cloak (worn)
   (You found it on level 2 of the Dungeon)
 A - a +2 robe of positive energy
   (You took it off an orc wizard on level 4 of the Dungeon)
 K - a +0 helmet (worn)
   (You found it on level 7 of the Dungeon)
 Q - a +0 ring mail of fire resistance
   (You took it off an orc on level 7 of the Dungeon)
Jewellery
 j - an uncursed ring of magical power {MP+9}
   (You took it off a kobold on level 8 of the Dungeon)
 p - a +3 ring of intelligence (right hand)
   (You took it off a kobold on level 2 of the Dungeon)
 y - an uncursed ring of ice {rC+, rF-}
   (You found it on level 3 of the Dungeon)
 J - a ring of stealth (left hand) {Stlth+}
   (You found it on level 7 of the Dungeon)
Wands
 e - a wand of flame (25)
   (You took it off an orc on level 4 of the Dungeon)
 v - a wand of polymorph (29)
   (You found it on level 8 of the Dungeon)
 z - a wand of acid (10)
   (You found it on level 8 of the Dungeon)
 F - a wand of enslavement (7)
   (You found it on level 5 of the Dungeon)
 O - a wand of disintegration (9)
   (You took it off an orc on level 7 of the Dungeon)
Scrolls
 f - a scroll of magic mapping {!r}
 k - 3 scrolls of blinking {unknown}
 l - 5 scrolls of remove curse
 q - 3 scrolls of teleportation
Potions
 d - a potion of lignification {unknown}
 g - 3 potions of heal wounds
 s - 2 potions of flight
 t - 7 potions of curing
 C - 3 potions of ambrosia
 D - 3 potions of mutation {!q}
 E - 2 potions of haste
Comestibles
 c - 17 rations


   Skills:
 + Level 10.1 Fighting
 - Level 10.0 Short Blades
 - Level 1.5 Armour
 + Level 11.8 Dodging
 + Level 13.3 Stealth


You had 10 spell levels left.
You didn't know any spells.
Your spell library was empty.

Dungeon Overview and Level Annotations

Branches:
Dungeon (8/15)             Temple (1/1) D:7            Lair (1/6) D:8

Altars:
Ashenzari
Cheibriados
Dithmenos
Elyvilon
Fedhas
Gozag
Hepliaklqana
Kikubaaqudgha
Makhleb
Nemelex Xobeh
Okawaru
Qazlal
Sif Muna
Trog
Uskayaw
Vehumet
Wu Jian
Xom
Yredelemnul
Zin
The Shining One


Innate Abilities, Weirdness & Mutations

You are small and have problems with some larger weapons.
You are carnivorous and can eat meat at any time.


Message History

You start resting.
Some of the chunks of flesh in your inventory have rotted away.
The water moccasin is too close now for your liking.
You see here a crocodile skeleton.
You miss the water moccasin.
The water moccasin completely misses you.
You miss the water moccasin. The water moccasin closely misses you.
You miss the water moccasin. You closely miss the water moccasin.
The water moccasin completely misses you.
You hit the water moccasin.
Lightning courses through the water moccasin!
The water moccasin is heavily wounded.
The water moccasin misses you.
You hit the water moccasin.
Lightning courses through the water moccasin!
The water moccasin is almost dead.
You hit the water moccasin.
The water moccasin is almost dead.
The water moccasin bites you.
You hit the water moccasin.
You kill the water moccasin!
Trog accepts your kill.
You see here a water moccasin corpse.
You see here a crocodile skeleton.
There is a staircase back to the Dungeon here.
HP restored.
A spiny frog comes into view.
A spiny frog is nearby!
You see here a scroll of teleportation.
q - 3 scrolls of teleportation (gained 1)
The spiny frog gives a loud, deep croak!
The spiny frog misses you.
You hit the spiny frog.
The spiny frog is lightly wounded.
The spiny frog barely misses you.
You hit the spiny frog.
Lightning courses through the spiny frog!
The spiny frog is heavily wounded.
You hit the spiny frog but do no damage.
Lightning courses through the spiny frog!
The spiny frog is almost dead.
The spiny frog stings you.
You barely miss the spiny frog.
The spiny frog is almost dead.
The spiny frog stings you!
You are too injured to fight recklessly!
You are too injured to fight recklessly!
You are too injured to fight recklessly!
You hit the spiny frog.
Lightning courses through the spiny frog!
You kill the spiny frog!
Trog accepts your kill.
Your Fighting skill increases to level 10!
You start resting.
Some of the chunks of flesh in your inventory have rotted away.
All of the chunks of flesh in your inventory have rotted away.
HP restored.
Marking area around the four-headed hydra as unsafe for travelling.
A four-headed hydra comes into view.
Found a basalt altar of Yredelemnul.
The helpless four-headed hydra fails to defend itself.
You stick the four-headed hydra like a pincushion!!!!
Lightning courses through the four-headed hydra!
You kill the four-headed hydra!
Trog accepts your kill.
You now have 450 gold pieces (gained 20).
A porcupine comes into view.
Found a stone staircase leading down.
You enter the shallow water.
Moving in this stuff is going to be slow.
You are struck by the porcupine's spines.
The helpless porcupine fails to defend itself.
You perforate the porcupine like a sieve!!!!
You kill the porcupine!
Trog accepts your kill.
You see here a porcupine corpse.
You butcher the porcupine corpse.
h - a chunk of flesh {@w0} You see here a porcupine skeleton.
Eating a chunk of flesh {@w0}.
You eat the chunk of flesh {@w0}.
This raw flesh tastes great.
Marking area around the eight-headed hydra as unsafe for travelling.
An eight-headed hydra comes into view.
A bullfrog comes into view.
The bullfrog gives a loud, deep croak!
The eight-headed hydra roars!
The eight-headed hydra bites you!
The eight-headed hydra closely misses you.
The eight-headed hydra misses you. The eight-headed hydra bites you! x2
The eight-headed hydra bites you but does no damage.
The eight-headed hydra bites you!
The eight-headed hydra completely misses you.
You fail to use your ability.
The bullfrog completely misses you.
The eight-headed hydra barely misses you.
The eight-headed hydra bites you!
* * * LOW HITPOINT WARNING * * *
The eight-headed hydra barely misses you.
The eight-headed hydra closely misses you. x2
The eight-headed hydra bites you!
You die...

###### ##
#########.##.###.####
##....................
#......$..............
#....................
#..F.................
#..D@................
#.............÷......
#..........≈≈≈≈≈.....
#P#####.#..≈≈≈≈≈≈≈.P#
## ##≈.≈≈≈≈≈≈≈≈.##
#..≈≈≈≈≈≈≈≈≈≈#
##.≈≈≈≈≈≈≈≈≈.#
#.≈≈≈≈...≈≈##
##..≈≈.>.≈.#


You could see an eight-headed hydra and a bullfrog.

Vanquished Creatures
  3 hydras (Lair:1)
  Pikel (D:4)
  A black mamba (Lair:1)
  2 spiny frogs (Lair:1)
  A hippogriff (D:8)
  A basilisk (Lair:1)
  6 yaks (Lair:1)
  2 hungry ghosts (D:8)
  A porcupine (Lair:1)
  A water moccasin (Lair:1)
  Duvessa (D:5)
  An eye of draining (D:8)
  3 orc warriors (D:6)
  3 sky beasts
  A necrophage (D:5)
  3 ice beasts
  3 ogres
  2 centaurs
  4 crocodiles (Lair:1)
  2 elf zombies (Ossuary)
  6 bullfrogs
  Dowan (D:5)
  5 scorpions
  A water moccasin skeleton (D:5)
  6 killer bees (D:7)
  6 howler monkeys
  3 crimson imps
  2 bullfrog zombies (D:5)
  A quasit (D:6)
  4 centaur zombies
  5 hounds
  4 orc priests
  3 jellies (D:5)
  A bullfrog skeleton (D:5)
  13 orc wizards
  2 iguanas
  4 worker ants
  A big kobold zombie (Ossuary)
  A hound zombie (D:8)
  2 hound skeletons (D:8)
  2 mummies (Ossuary)
  A worker ant zombie (D:8)
  2 gnolls
  A howler monkey skeleton (D:5)
  14 adders
  3 shadow imps
  An ooze (D:4)
  An adder zombie (Ossuary)
  An adder skeleton (D:4)
  2 worms (D:2)
  A dart slug (D:5)
  3 leopard geckos
  40 orcs
  A ball python (D:3)
  9 bats
  5 giant cockroaches
  9 goblins
  10 hobgoblins
  5 jackals (D:2)
  2 quokkas
  3 frilled lizards
  2 goblin zombies (Ossuary)
  10 hobgoblin zombies (Ossuary)
  9 kobolds
  10 kobold zombies (Ossuary)
  A leopard gecko skeleton (D:5)
  A leopard gecko zombie (D:5)
  9 orc zombies
  4 rats
  2 rat zombies (Ossuary)
277 creatures vanquished.

Vanquished Creatures (collateral kills)
  A bullfrog (D:7)
  3 gnolls (D:7)
  A leopard gecko (D:7)
5 creatures vanquished.

Vanquished Creatures (others)
  3 fungi (D:7)
  A plant (Lair:1)
  5 toadstools (D:1)
9 creatures vanquished.

Grand Total: 291 creatures vanquished

Notes
Turn   | Place    | Note
-------+----------+-------------------------------------------
     0 | D:1      | sankara the Kobold Berserker began the quest for the Orb.
     0 | D:1      | Reached XP level 1. HP: 14/14 MP: 1/1
   230 | D:1      | Reached skill level 1 in Stealth
   230 | D:1      | Reached XP level 2. HP: 19/19 MP: 2/2
   864 | D:1      | Reached XP level 3. HP: 23/23 MP: 3/3
  1186 | D:2      | Found an opulent altar of Gozag.
  1208 | D:2      | Reached skill level 5 in Short Blades
  1208 | D:2      | Reached skill level 3 in Dodging
  1273 | D:2      | Reached ** piety under Trog
  1531 | D:2      | Reached skill level 2 in Stealth
  1542 | D:2      | Reached XP level 4. HP: 24/28 MP: 4/4
  2114 | D:3      | Reached XP level 5. HP: 32/32 MP: 5/5
  2258 | D:3      | Reached skill level 6 in Short Blades
  2266 | D:3      | Reached skill level 3 in Stealth
  2787 | D:4      | Reached skill level 4 in Dodging
  2787 | D:4      | Reached XP level 6. HP: 37/37 MP: 6/6
  2845 | D:4      | Found a bloodstained altar of Trog.
  2964 | D:4      | Reached skill level 7 in Short Blades
  2964 | D:4      | Reached skill level 4 in Stealth
  3209 | D:4      | Noticed an ogre
  3219 | D:4      | Killed an ogre
  3219 | D:4      | Reached XP level 7. HP: 41/41 MP: 7/7
  3416 | D:4      | Reached *** piety under Trog
  3642 | D:4      | Noticed Pikel
  3694 | D:4      | Killed Pikel
  3694 | D:4      | Reached skill level 9 in Short Blades
  3694 | D:4      | Reached skill level 5 in Dodging
  3694 | D:4      | Reached skill level 6 in Stealth
  3694 | D:4      | Reached XP level 8. HP: 46/46 MP: 8/8
  3844 | D:4      | Found a deep blue altar of Sif Muna.
  4241 | D:5      | Entered Level 5 of the Dungeon
  4254 | D:5      | Reached skill level 6 in Dodging
  4416 | D:5      | Reached skill level 4 in Fighting
  4447 | D:5      | Reached skill level 7 in Stealth
  4555 | D:5      | Reached XP level 9. HP: 46/52 MP: 9/9
  4591 | D:5      | Found a basalt altar of Yredelemnul.
  4632 | D:5      | Noticed Duvessa
  4645 | D:5      | Noticed Dowan
  4663 | D:5      | Killed Duvessa
  4663 | D:5      | Reached skill level 10 in Short Blades
  4672 | D:5      | Killed Dowan
  4672 | D:5      | Reached skill level 7 in Dodging
  4813 | D:5      | Reached skill level 5 in Fighting
  4822 | D:5      | Reached skill level 8 in Stealth
  5506 | D:5      | You fall through a shaft for 3 floors!
  5579 | D:8      | Reached **** piety under Trog
  5716 | D:8      | Reached skill level 6 in Fighting
  5716 | D:8      | Reached skill level 8 in Dodging
  5716 | D:8      | Reached skill level 9 in Stealth
  5738 | D:8      | Noticed a hippogriff
  5745 | D:8      | Found a staircase to the Lair.
  5763 | D:8      | Found a sand-covered staircase.
  5774 | Ossuary  | Entered an ossuary
  6153 | D:8      | Reached XP level 10. HP: 47/59 MP: 10/10
  6325 | D:7      | Reached ***** piety under Trog
  6325 | D:7      | Reached skill level 10 in Stealth
  6346 | D:7      | Reached skill level 7 in Fighting
  6346 | D:7      | Reached skill level 9 in Dodging
  6634 | D:7      | Found the +7 Singing Sword {slice, sonic wave}
  6740 | D:7      | Found a staircase to the Ecumenical Temple.
  6970 | Temple   | Entered the Ecumenical Temple
  7278 | D:7      | Received a gift from Trog
  7825 | D:6      | Reached skill level 11 in Stealth
  7837 | D:6      | Reached skill level 8 in Fighting
  7879 | D:6      | Found a shattered altar of Ashenzari.
  7892 | D:6      | Found a deep blue altar of Sif Muna.
  7961 | D:6      | Found a glowing silver altar of Zin.
  8129 | D:6      | Reached skill level 10 in Dodging
  8683 | D:5      | Found a glowing silver altar of Zin.
  8751 | D:5      | Found a shadowy altar of Dithmenos.
  9409 | D:8      | Received a gift from Trog
  9451 | D:8      | Found a shimmering altar of Xom.
  9645 | D:8      | Got a translucent demon trident
  9664 | D:8      | Found an ornate altar of the Wu Jian Council.
  9912 | Lair:1   | Entered Level 1 of the Lair of Beasts
  9917 | Lair:1   | Noticed a black mamba
  9929 | Lair:1   | Killed a black mamba
  9929 | Lair:1   | Reached XP level 11. HP: 67/67 MP: 11/11
  9966 | Lair:1   | Noticed a six-headed hydra
  9974 | Lair:1   | Killed a six-headed hydra
  9974 | Lair:1   | Reached skill level 9 in Fighting
  9974 | Lair:1   | Reached skill level 12 in Stealth
  9989 | Lair:1   | Noticed an eight-headed hydra
  9993 | Lair:1   | Killed an eight-headed hydra
  9993 | Lair:1   | Reached skill level 11 in Dodging
 10125 | Lair:1   | Reached skill level 13 in Stealth
 10289 | Lair:1   | Reached skill level 10 in Fighting
 10381 | Lair:1   | Noticed a four-headed hydra
 10383 | Lair:1   | Found a basalt altar of Yredelemnul.
 10384 | Lair:1   | Killed a four-headed hydra
 10430 | Lair:1   | Noticed an eight-headed hydra
 10436 | Lair:1   | HP: 14/70 [eight-headed hydra (14)]
 10436 | Lair:1   | Slain by an eight-headed hydra

Skill      XL: |  1  2  3  4  5  6  7  8  9 10 11 |
---------------+----------------------------------+-----
Stealth        | 1 2 3 4 6 7 9 11 13 | 13.3
Short Blades   | 5 6 7 9 10 | 10.0
Dodging        | 3 4 5 6 8 10 11 | 11.8
Fighting       | 4 6 8 10 | 10.1
Armour         | |  1.5

Action                   |  1- 3 |  4- 6 |  7- 9 | 10-12 || total
-------------------------+-------+-------+-------+-------++-------
Melee: Short sword       |    47 |   133 |   463 |   195 ||   838
       Dagger            |    74 |       |       |   196 ||   270
Throw: Stone             |       |       |       |     2 ||     2
Invok: Berserk           |     6 |     5 |    10 |     8 ||    29
       Trog's Hand       |       |     1 |     1 |     2 ||     4
       Brothers in Arms  |       |       |       |     2 ||     2
Evoke: Wand              |       |       |     2 |       ||     2
  Use: Scroll            |       |     6 |     9 |     5 ||    20
 Stab: Sleeping          |     1 |     4 |    12 |    25 ||    42
       Distracted        |     1 |       |     1 |     4 ||     6
  Eat: Chunk             |    16 |    10 |    20 |    25 ||    71
Armor: Animal skin       |    14 |     5 |     2 |       ||    21
       Robe              |       |       |    10 |    18 ||    28
Dodge: Dodged            |    74 |    58 |   172 |   207 ||   511

Levels and vault maps discovered:
D:1:      ldierk_walled_garden, layout_basic
D:2:      layout_basic, nicolae_gozag_seed_capital
D:3:      layout_loops_ring
D:4:      layout_basic, kennysheep_mini_moat, chequers_serial_rivers_small_3,
          led_sif_pool, uniq_pikel
D:5:      lemuel_upstairs_altar, layout_gridville, lemuel_crystal_altar,
          first_ration, basic_altar, uniq_duvessa
D:6:      layout_basic, kennysheep_mini, lemuel_crystal_altar, basic_altar,
          eino_tiny_chamber, chequers_serial_rivers_large_a
D:7:      old_forge, layout_basic, minmay_temple_entry_crystal_x
D:8:      layout_basic, tgw_xom, kennysheep_little_box, lair_entry_dummy,
          enter_ossuary_3
Temple:   minmay_temple_curvy_branch
Lair:1:   layout_big_grid, basic_altar, minmay_shattered_shrine,
          serial_bayou_shore_a, lemuel_fruit_tree, infiniplex_staircase_pool
Ossuary:  ossuary_tomb_1

Table legend:
 A = Turns spent in this place as a percentage of turns spent in the entire game.
 B = Non-inter-level travel turns spent in this place as a percentage of non-inter-level travel turns spent in the entire game.
 C = Inter-level travel turns spent in this place as a percentage of turns spent in this place.
 D = Turns resting spent in this place as a percentage of non-inter-level travel turns spent in this place.
 E = Turns spent auto-exploring this place as a percentage of non-inter-level travel turns spent in this place.
 F = Non-inter-level travel turns spent in this place divided by the number of levels of this place that you've seen.
                   A       B       C       D       E      F
               +-------+-------+-------+-------+-------+----------------------
         Total | 100.0 | 100.0 |   6.1 |  23.4 |  47.4 | 891.0
       Dungeon |  89.7 |  89.1 |   6.7 |  24.2 |  48.0 | 1091.9
        Temple |   2.2 |   2.3 |   1.7 |   0.0 |  99.1 | 225.0
          Lair |   5.0 |   5.3 |   0.0 |  35.3 |  22.1 | 524.0
       Ossuary |   3.0 |   3.2 |   0.0 |   0.0 |  33.8 | 317.0
               +-------+-------+-------+-------+-------+----------------------

Table legend:
 A = Kills in this place as a percentage of kills in entire the game.
 B = Kills by you in this place as a percentage of kills by you in the entire game.
 C = Kills by friends in this place as a percentage of kills by friends in the entire game.
 D = Other kills in this place as a percentage of other kills in the entire game.
 E = Experience gained in this place as a percentage of experience gained in the entire game.
 F = Experience gained in this place divided by the number of levels of this place that you have seen.
                   A       B       C       D       E      F
               +-------+-------+-------+-------+-------+----------------------
         Total | 100.0 | 100.0 | 100.0 |   N/A | 100.0 | 1290.7
       Dungeon |  78.7 |  78.3 | 100.0 |   N/A |  51.2 | 909.4
          Lair |   7.4 |   7.6 |   0.0 |   N/A |  46.4 | 6583.0
       Ossuary |  13.8 |  14.1 |   0.0 |   N/A |   2.4 | 340.0
               +-------+-------+-------+-------+-------+----------------------
